Map: Data-C

Players

Silky - Winner!

  • Race: Zerg Zerg
  • Spawn Location: 3:00

PappiJoe

  • Race: Protoss Protoss
  • Spawn Location: 9:00

Event: DreamHack SC2 Masters 2022 Atlanta (Offline)

VOD

Have the link to the VOD?

Description

Time

  • Played on: Nov. 18, 2022, 2 p.m.
  • Length: 6:47

All games in this series

Show
View Real Time Build Order
Export as new Build Order

Silky Zerg - Winner!

Build Orders: Hatch First 

Get SALT Encoding   

  12  0:00  Drone  
  13  0:12  Overlord  
  13  0:17  Drone  
  14  0:30  Drone x2  
  16  0:49  Hatchery  
  15  0:53  Drone  
  15  0:56  Drone  
  17  0:59  Drone  
  18  1:10  Extractor  
  17  1:14  Spawning Pool  
  17  1:18  Drone  
  17  1:21  Drone  
  18  1:28  Drone  
  19  1:38  Drone  
  20  1:48  Overlord  
  20  2:00  Queen  
  20  2:01  Queen  
  22  2:02  Zergling x4  
  26  2:12  Drone x2  
  26  2:13  Metabolic Boost  
  28  2:22  Drone  
  29  2:23  Drone  
  30  2:38  Hatchery  
  30  2:41  Drone x2  
  31  2:45  Overlord  
  31  2:55  Queen  
  31  2:57  Drone x2  
  35  2:59  Drone  
  35  3:05  Spore Crawler  
  34  3:07  Drone  
  34  3:08  Drone  
  34  3:10  Drone  
  38  3:13  Drone  
  38  3:14  Drone  
  38  3:16  Overlord  
  38  3:19  Drone  
  41  3:24  Queen  
  43  3:30  Zergling x2  
  44  3:36  Overlord  
  44  3:37  Drone  
  44  3:38  Drone  
  46  3:46  Roach Warren, Extractor  
  43  3:49  Drone x2  
  43  3:51  Drone x2  
  43  3:52  Drone  
  43  3:54  Drone  
  49  4:00  Queen  
  51  4:08  Drone  
  51  4:09  Drone  
  53  4:10  Zergling x4  
  53  4:12  Overlord  
  53  4:14  Zergling x2  
  56  4:25  Roach x2  
  56  4:26  Roach x2  
  56  4:27  Zergling x2  
  56  4:28  Overlord  
  65  4:33  Zergling x8  
  65  4:36  Overlord  
  69  4:39  Zergling x4  
  69  4:40  Zergling x2  
  72  4:45  Overlord  
  72  4:48  Ravager x2  
  72  4:51  Zergling x6  
  77  4:54  Ravager  
  77  4:57  Overlord  
  77  4:58  Zergling x2  
  79  5:02  Overlord  
  76  5:07  Zergling x8  
  76  5:11  Lair  
  76  5:13  Zergling x6  
  77  5:17  Zergling x4  
  77  5:20  Zergling x4  
  81  5:24  Ravager, Overlord  
  82  5:32  Zergling x2  
  82  5:33  Zergling x10  
  82  5:35  Zergling x2  
  85  5:41  Zergling x2  
  82  5:47  Zergling x14  
  84  5:51  Zergling x2  
  84  5:54  Drone  
  84  5:58  Evolution Chamber  
  84  5:59  Drone  
  84  6:00  Drone  
  84  6:04  Overlord  
  85  6:10  Drone  
  85  6:11  Drone  
  87  6:16  Hatchery  
  84  6:19  Drone x2  
  83  6:28  Drone x3  
  83  6:29  Drone x7  
  85  6:47  Spore Crawler  
Show
View Real Time Build Order
Export as new Build Order

PappiJoe Protoss 

Build Orders: 1 Gate Expand 

Get SALT Encoding   

  12  0:00  Probe  
  13  0:14  Pylon  
  13  0:17  Probe (Chrono Boost)  
  14  0:27  Probe (Chrono Boost)  
  15  0:32  Probe (Chrono Boost)  
  16  0:41  Gateway  
  16  0:44  Probe  
  17  0:50  Assimilator  
  17  0:56  Probe  
  18  1:08  Probe  
  19  1:24  Nexus  
  19  1:34  Cybernetics Core  
  19  1:36  Probe  
  20  1:44  Assimilator  
  20  1:49  Probe  
  20  1:52  Pylon  
  21  2:03  Probe (Chrono Boost)  
  21  2:08  Adept (Chrono Boost)  
  22  2:10  Warp Gate  
  22  2:14  Probe (Chrono Boost)  
  25  2:19  Probe (Chrono Boost)  
  26  2:29  Adept (Chrono Boost)  
  27  2:30  Probe  
  27  2:36  Probe  
  30  2:40  Twilight Council  
  30  2:42  Probe  
  31  2:48  Probe  
  32  2:54  Probe  
  33  3:00  Probe  
  33  3:01  Stalker  
  36  3:06  Probe  
  37  3:12  Probe  
  37  3:16  Nexus  
  38  3:23  Resonating Glaives (Chrono Boost)  
  38  3:24  Probe, Pylon  
  39  3:33  Probe  
  40  3:37  Probe  
  41  3:45  Probe  
  41  3:46  Gateway  
  42  3:48  Gateway  
  42  3:51  Gateway  
  42  3:55  Probe  
  43  3:58  Pylon  
  43  3:59  Adept  
  43  4:01  Probe  
  46  4:07  Probe  
  46  4:08  Shield Battery  
  47  4:12  Assimilator  
  47  4:13  Probe  
  48  4:19  Robotics Facility, Probe  
  48  4:21  Adept  
  51  4:25  Probe  
  51  4:28  Probe, Pylon  
  54  4:31  Probe  
  54  4:37  Probe  
  55  4:41  Adept x2  
  55  4:43  Adept  
  55  4:45  Probe  
  62  4:47  Adept  
  62  4:48  Probe  
  62  4:51  Blink (Chrono Boost)  
  62  4:52  Probe  
  66  4:57  Probe  
  67  5:00  Probe  
  67  5:02  Stalker  
  67  5:04  Probe  
  71  5:07  Stalker  
  71  5:09  Probe  
  71  5:11  Stalker  
  60  5:14  Shield Battery  
  60  5:17  Stalker  
  62  5:24  Probe  
  62  5:25  Shield Battery, Probe x2  
  65  5:29  Adept  
  67  5:36  Adept x2  
  67  5:42  Adept  
  51  5:51  Adept  
  51  5:57  Stalker x2  
  51  6:03  Stalker  
  53  6:07  Dark Shrine  
  53  6:12  Pylon  
  53  6:13  Assimilator  
  53  6:25  Adept x2  
  51  6:26  Pylon  
  51  6:28  Adept  
  51  6:31  Adept  
  49  6:34  Probe x2  
Tags
 
Add a new tag
Caveats
  • Supply blocks, unpowered buildings, or Contaminate may cause inaccurate times.
  • Supply counts are checked every 10 seconds.